 Dungeon Crawl Stone Soup version 0.28-a0-1404-g4df0f3684d (webtiles) character file.

Game seed: 8439540440245475948

671 rogsnak the Magician (level 7, -2/51 HPs)
             Began as a Gnoll Hedge Wizard on Jan 5, 2022.
             Was an Initiate of Ru.
             Slain by a scorpion (8 damage)
             ... in an ossuary.
             The game lasted 00:13:01 (5709 turns).

rogsnak the Magician (Gnoll Hedge Wizard)           Turns: 5709, Time: 00:13:02

Health: -2/51      AC:  2    Str:  9    XL:     7   Next: 58%
Magic:  8/18       EV: 13    Int: 15    God:    Ru [......]
Gold:   250        SH:  0    Dex: 12    Spells: 15/21 levels left

rFire   . . .      SeeInvis .   h - +1 hand axe (elec)
rCold   . . .      Faith    .   (no shield)
rNeg    . . .      Spirit   .   b - +0 robe
rPois   .          Reflect  .   c - +0 hat
rElec   .          Harm     .   q - scarf {repulsion}
rCorr   .          Rampage  .   (no gloves)
Will    .....                   (no boots)
Stlth   +++.......              (no amulet)
HPRegen 0.17/turn               (no ring)
MPRegen 0.16/turn               (no ring)

@: lethally poisoned (-2 -> -20), repel missiles
A: fangs 1, strong nose, distributed training
a: Renounce Religion


You were in an ossuary.
You worshipped Ru.
Ru was noncommittal.
You visited 2 branches of the dungeon, and saw 6 of its levels.
You also visited: Ossuary.

You collected 250 gold pieces.

Inventory:

Hand Weapons
 a - a +0 dagger
 h - a +1 hand axe of electrocution (weapon)
 m - a +0 hunting sling
 p - a +2 short sword of flaming
Missiles
 d - 20 arrows
 i - 74 stones
Armour
 b - a +0 robe (worn)
 c - a +0 hat (worn)
 j - +0 pearl dragon scales
 n - an orb of guile
 q - a scarf of repulsion (worn)
Jewellery
 u - a ring of protection from fire
Wands
 k - a wand of digging (6)
 t - a wand of mindburst (21)
 A - a wand of flame (29)
Scrolls
 e - 3 scrolls of identify {unknown}
 g - a scroll of vulnerability {unknown}
 o - a scroll of magic mapping {unknown}
 v - 2 scrolls of torment {unknown}
 y - a scroll of fear {unknown}
 B - a scroll of teleportation {unknown}
Potions
 f - 2 potions of mutation {unknown}
 l - a potion of berserk rage {unknown}
 r - 2 potions of curing {unknown}
 s - a potion of heal wounds {unknown}
 w - a potion of lignification {unknown}
 x - a potion of attraction {unknown}
 z - a potion of degeneration {unknown}


   Skills:
 + Level 2.6 Fighting
 + Level 2.6 Short Blades
 + Level 2.6 Long Blades
 + Level 2.6 Axes
 + Level 2.6 Maces & Flails
 + Level 2.6 Polearms
 + Level 2.6 Staves
 + Level 2.6 Slings
 + Level 2.6 Bows
 + Level 2.6 Crossbows
 + Level 2.6 Throwing
 + Level 2.6 Armour
 + Level 5.3 Dodging
 + Level 5.0 Stealth
 + Level 2.6 Shields
 + Level 2.6 Unarmed Combat
 + Level 7.6 Spellcasting
 + Level 3.0 Conjurations
 + Level 2.1 Hexes
 + Level 3.0 Summonings
 + Level 2.1 Necromancy
 + Level 3.0 Translocations
 + Level 2.1 Transmutations
 + Level 2.1 Fire Magic
 + Level 2.1 Ice Magic
 + Level 2.1 Air Magic
 + Level 2.1 Earth Magic
 + Level 2.1 Poison Magic
 + Level 2.9 Invocations
 + Level 2.6 Evocations


You had 15 spell levels left.
You knew the following spells:

 Your Spells              Type           Power      Damage    Failure   Level
a - Magic Dart            Conj           56%        1d5       3%          1
b - Blink                 Tloc           28%        N/A       5%          2
c - Mephitic Cloud        Conj/Pois/Air  13%        N/A       14%         3

Your spell library contained the following spells:

 Spells                   Type           Power      Damage    Failure   Level
 Slow                     Hex            48%        N/A       5%          1
 Call Imp                 Summ           14%        N/A       5%          2
 Conjure Flame            Conj/Fire      13%        6-21      13%         3


Dungeon Overview and Level Annotations

Branches:
Dungeon (5/15)             Temple (1/1) D:5         Ossuary (1/1)

Altars:
Ashenzari
Cheibriados
Dithmenos
Elyvilon
Fedhas
Hepliaklqana
Kikubaaqudgha
Makhleb
Nemelex Xobeh
Okawaru
Ru
Trog
Uskayaw
Xom
Yredelemnul
The Shining One

Shops:
D:1 [   D:3 (


Innate Abilities, Weirdness & Mutations

You have very sharp teeth.
Your uncanny sense of smell can sniff out nearby items.
Your experience applies equally to all skills.


Message History

Confirm with . or Enter, or press ? or * to list all spells.
Aiming: Magic Dart (safe; 3% risk of failure)
Press: ? - help, Shift-Dir - straight line, f/p - scorpion
Aim: a scorpion (heavily wounded, 100% to hit)
The magic dart hits the scorpion but does no damage.
The scorpion is heavily wounded.
Unknown command.
You hit the scorpion but do no damage.
You bite the scorpion, but do no damage.
The scorpion is heavily wounded.
The scorpion stings you.
You are poisoned.
The scorpion poisons you! The scorpion closely misses you.
You barely miss the scorpion.
The scorpion is heavily wounded.
You feel sick. The scorpion stings you.
You barely miss the scorpion.
The scorpion is heavily wounded.
You feel sick. The scorpion stings you.
You are more poisoned.
The scorpion poisons you!
You closely miss the scorpion.
The scorpion is heavily wounded.
You feel very sick. The scorpion closely misses you. The scorpion stings you.
You are more poisoned.
The scorpion poisons you!
You closely miss the scorpion.
You bite the scorpion, but do no damage.
The scorpion is heavily wounded.
You feel very sick. The scorpion stings you!
You are lethally poisoned!
The scorpion poisons you!
* * * LOW HITPOINT WARNING * * *
You feel extremely sick.
* * * LOW HITPOINT WARNING * * *
You feel very sick. The scorpion stings you!
You die...

#### ##+##
...#. #!!?#
...8. #!..#
...... #M.!#
#8...8######
.......#...#
...8...'...#
...#...#s..#
######@##
#...#...#
#...8...#
#.......#
##8...8## ∆
#.......# ∆
∆#...8...# ∆
∆#...#...#
##'######


You could see a mummy and a scorpion.

Vanquished Creatures
  Sigmund (D:2)
  An ogre (D:5)
  A scorpion (Ossuary)
  A howler monkey (D:5)
  2 human zombies (Ossuary)
  An orc priest (D:4)
  2 centaur skeletons
  A scorpion zombie (Ossuary)
  3 adders
  2 worms
  4 dart slugs
  7 orcs
  5 ball pythons
  8 endoplasms
  3 giant cockroaches
  A gnoll zombie (Ossuary)
  10 goblins
  7 hobgoblins
  4 jackals (D:2)
  7 kobolds
  7 quokkas
  8 bats
  8 frilled lizards
  A goblin zombie (D:5)
  A kobold zombie (Ossuary)
  A quokka zombie (D:5)
  3 rats (D:1)
  A spectral goblin (D:1)
101 creatures vanquished.

Vanquished Creatures (others)
  27 plants (D:2)
27 creatures vanquished.

Grand Total: 128 creatures vanquished

Notes
Turn   | Place    | Note
-------+----------+-------------------------------------------
     0 | D:1      | rogsnak the Gnoll Hedge Wizard began the quest for the Orb.
     0 | D:1      | Reached XP level 1. HP: 13/13 MP: 8/8
   103 | D:1      | Reached XP level 2. HP: 19/19 MP: 7/10
   336 | D:1      | Learned a level 2 spell: Blink
   362 | D:1      | Found a faded altar of an unknown god.
   424 | D:1      | Found Mosit's Antique Armour Shop.
   704 | D:1      | Reached XP level 3. HP: 25/25 MP: 6/11
  1154 | D:1      | Reached skill level 1 in Invocations
  1386 | D:2      | Learned a level 3 spell: Mephitic Cloud
  1488 | D:2      | Noticed Sigmund
  1579 | D:2      | Killed Sigmund
  1580 | D:2      | Reached skill level 1 in Fighting
  1580 | D:2      | Reached skill level 1 in Short Blades
  1580 | D:2      | Reached skill level 1 in Long Blades
  1580 | D:2      | Reached skill level 1 in Axes
  1580 | D:2      | Reached skill level 1 in Maces & Flails
  1580 | D:2      | Reached skill level 1 in Polearms
  1580 | D:2      | Reached skill level 1 in Staves
  1580 | D:2      | Reached skill level 1 in Slings
  1580 | D:2      | Reached skill level 1 in Bows
  1580 | D:2      | Reached skill level 1 in Crossbows
  1580 | D:2      | Reached skill level 1 in Throwing
  1580 | D:2      | Reached skill level 1 in Armour
  1580 | D:2      | Reached skill level 1 in Shields
  1580 | D:2      | Reached skill level 1 in Unarmed Combat
  1580 | D:2      | Reached skill level 1 in Hexes
  1580 | D:2      | Reached skill level 1 in Necromancy
  1580 | D:2      | Reached skill level 1 in Transmutations
  1580 | D:2      | Reached skill level 1 in Fire Magic
  1580 | D:2      | Reached skill level 1 in Ice Magic
  1580 | D:2      | Reached skill level 1 in Air Magic
  1580 | D:2      | Reached skill level 1 in Earth Magic
  1580 | D:2      | Reached skill level 1 in Poison Magic
  1580 | D:2      | Reached skill level 1 in Evocations
  1580 | D:2      | Reached XP level 4. HP: 12/33 MP: 10/13
  1580 | D:2      | Reached XP level 5. HP: 14/38 MP: 10/14
  1827 | D:2      | Reached XP level 6. HP: 40/44 MP: 12/16
  2807 | D:3      | Found Zeaqeni's Antique Weapon Boutique.
  4088 | D:4      | Reached skill level 5 in Dodging
  4761 | D:5      | Entered Level 5 of the Dungeon
  4806 | D:5      | Reached XP level 7. HP: 50/50 MP: 9/18
  4824 | D:5      | Found a staircase to the Ecumenical Temple.
  4830 | Temple   | Entered the Ecumenical Temple
  4945 | Temple   | Became a worshipper of Ru the Awakened
  5079 | D:5      | Found a sand-covered staircase.
  5130 | Ossuary  | Entered an ossuary
  5556 | Ossuary  | Upgraded the game from 0.28-a0-1395-g4f6bc678fa to
                  | 0.28-a0-1404-g4df0f3684d
  5675 | Ossuary  | Reached skill level 5 in Stealth
  5709 | Ossuary  | Slain by a scorpion

Illustrated notes

Levels and vault maps discovered:
D:1:      dpeg_arrival_short_road, layout_basic, serial_shops,
          nicolae_diamond_shop, dreamdust_ecumenical_altar_drowned_temple
D:2:      layout_basic, serial_park_tiny_pond, roderic_serpentine_path,
          serial_bayou_lagoon_a, uniq_sigmund
D:3:      layout_loops_cross, serial_shops, shop_statue
D:4:      layout_basic
D:5:      layout_cave_pools, chequers_temple_overflow_statue_of_worship,
          minmay_temple_entry_arrows, enter_ossuary_4
Temple:   regret_index_temple_sphere_string
Ossuary:  ossuary_minmay_scorpions

Skill      XL: |  1  2  3  4  5  6  7 |
---------------+----------------------+-----
Conjurations   | 2 3 |  3.0
Summonings     | 2 3 |  3.0
Translocations | 2 3 |  3.0
Invocations    | 1 2 |  2.9
Fighting       | 1 2 |  2.6
Short Blades   | 1 2 |  2.6
Long Blades    | 1 2 |  2.6
Axes           | 1 2 |  2.6
Maces & Flails | 1 2 |  2.6
Polearms       | 1 2 |  2.6
Staves         | 1 2 |  2.6
Slings         | 1 2 |  2.6
Bows           | 1 2 |  2.6
Crossbows      | 1 2 |  2.6
Throwing       | 1 2 |  2.6
Armour         | 1 2 |  2.6
Shields        | 1 2 |  2.6
Unarmed Combat | 1 2 |  2.6
Hexes          | 1 2 |  2.1
Necromancy     | 1 2 |  2.1
Transmutations | 1 2 |  2.1
Fire Magic     | 1 2 |  2.1
Ice Magic      | 1 2 |  2.1
Air Magic      | 1 2 |  2.1
Earth Magic    | 1 2 |  2.1
Poison Magic   | 1 2 |  2.1
Evocations     | 1 2 |  2.6
Dodging        | 5 |  5.3
Stealth        | 5 |  5.0
Spellcasting   | |  7.6

Action                   |  1- 3 |  4- 6 |  7- 9 || total
-------------------------+-------+-------+-------++-------
Melee: Dagger            |    19 |       |       ||    19
       Bite              |     4 |     9 |    12 ||    25
       Hand axe          |    21 |    76 |    63 ||   160
 Cast: Magic Dart        |    83 |   103 |    30 ||   216
       Mephitic Cloud    |     1 |     2 |     2 ||     5
       Blink             |       |     1 |     1 ||     2
 Stab: Confused          |     2 |       |       ||     2
Armor: Robe              |     6 |     8 |    13 ||    27
Dodge: Dodged            |    27 |    53 |    52 ||   132

Table legend: (Time is in decaauts)
 A = Elapsed time spent in this place.
 B = Non-inter-level travel time spent in this place.
 C = Inter-level travel time spent in this place.
 D = Time resting spent in this place.
 E = Time spent auto-exploring this place.
 F = Levels seen in this place.
 G = Mean time per level.
                   A        B        C        D        E       F      G
               +--------+--------+--------+--------+--------+-----+--------+
         Total |   5751 |   5693 |     58 |   1242 |   3123 |   7 |  821.6 |
       Dungeon |   5008 |   4950 |     58 |    828 |   3123 |   5 | 1001.6 |
        Temple |    157 |    157 |      0 |      0 |      0 |   1 |  157.0 |
       Ossuary |    585 |    585 |      0 |    414 |      0 |   1 |  585.0 |
               +--------+--------+--------+--------+--------+-----+--------+

Top non-repeatable levels by time:
     D:1: 1417 daAuts
     D:2: 1237 daAuts
     D:4: 1152 daAuts
     D:3: 985 daAuts
 Ossuary: 585 daAuts
     D:5: 216 daAuts
  Temple: 157 daAuts
